 Dungeon Crawl Stone Soup version 0.18.1-50-g88ac8fd (webtiles) character file.

375 Poliii the Covered (level 6, -13/55 HPs)
             Began as a Minotaur Fighter on Oct 22, 2016.
             Mangled by an ogre
             ... wielding a +0 giant club
              (15 damage)
             ... on level 4 of the Dungeon.
             The game lasted 00:16:36 (2737 turns).

Poliii the Covered (Minotaur Fighter)               Turns: 2737, Time: 00:16:37

Health: -13/55     AC:  8    Str: 28    XL:     6   Next: 44%
Magic:  5/5        EV:  9    Int:  5    God:
Gold:   194        SH: 12    Dex:  9    Spells: 0 memorised, 5 levels left

rFire  . . .     SeeInvis .     q - +2 falchion (holy)
rCold  . . .     Gourm    .     b - +0 scale mail
rNeg   . . .     Faith    .     p - +2 shield
rPois  .         Spirit   .     (helmet restricted)
rElec  .         Dismiss  .     (no cloak)
rCorr  .         Reflect  .     (no gloves)
SustAt .         Harm     .     k - +0 pair of boots
MR     .....                    (no amulet)
Stlth  ..........               (no ring)
                                (no ring)

@: mighty, not resistant to hostile enchantments, extremely unstealthy
A: retaliatory headbutt, horns 2
a: no special abilities


You were on level 4 of the Dungeon.
You were not hungry.

You visited 1 branch of the dungeon, and saw 4 of its levels.

You collected 194 gold pieces.

Inventory:

Hand Weapons
 q - a +2 falchion of holy wrath (weapon)
Armour
 b - a +0 scale mail (worn)
 k - a +0 pair of boots (worn)
 p - a +2 shield (worn)
Wands
 o - a wand of random effects (36/48)
Scrolls
 e - a scroll of fear {unknown}
 j - a scroll of remove curse
 m - a scroll of immolation {unknown}
 n - 2 scrolls of teleportation {unknown}
 r - a scroll of blinking {unknown}
 w - a scroll of amnesia {unknown}
Potions
 a - 2 potions of agility {unknown}
 c - 2 potions of mutation {unknown}
 h - a potion of brilliance {unknown}
 i - 3 potions of curing {unknown}
 l - a potion of haste {unknown}
 s - a potion of heal wounds {unknown}
 v - a potion of ambrosia {unknown}
Comestibles
 f - 6 bread rations
 g - 2 meat rations
 t - 8 chunks of flesh
 u - a slice of pizza


   Skills:
 + Level 4.8 Fighting
 + Level 3.9 Long Blades
 + Level 5.4 Armour
 + Level 2.9 Dodging
 + Level 0.3 Stealth
 + Level 5.1 Shields


You had 5 spell levels left.
You didn't know any spells.

Dungeon Overview and Level Annotations

Branches:
Dungeon (4/15)
 Temple: D:4-7

Altars:
Fedhas

Annotations:
D:4 Pikel


Innate Abilities, Weirdness & Mutations

You reflexively headbutt those who attack you in melee.
You have a pair of horns on your head.


Message History

You feel very mighty all of a sudden. The iguana bites you.
* * * LOW HITPOINT WARNING * * *
Pikel hits you with a whip of flaming.
* * * LOW HITPOINT WARNING * * *
Pikel burns you.
* * * LOW HITPOINT WARNING * * *
You slash the iguana!
You kill the iguana!
Pikel hits you with a whip of flaming.
* * * LOW HITPOINT WARNING * * *
Pikel burns you.
* * * LOW HITPOINT WARNING * * *
You hit Pikel. You headbutt Pikel!
Pikel is moderately wounded.
You block the ogre's attack. Pikel hits you but does no damage.
You slash the ogre! Your headbutt misses the ogre.
The ogre is heavily wounded.
The ogre hits you with a giant club!
You die...

#.# #..# #.#
#$.# ..#
#..# ..#
#..# ..#
######..#
..#
p..!....O#
..#
.###[####.#
...
=...p####.#
####
....ppK@Op#
##
####.######
.###########
.#.........#
.#.#######.#
##.# ##.####
##.##..
)))##.#


You could see Pikel, an ogre and 4 slaves.

Vanquished Creatures
  Eustachio (D:4)
  An orc priest (D:3)
  An iguana (D:4)
  A worker ant (D:4)
  Robin (D:4)
  4 adders
  A worm (D:2)
  3 dart slugs
  2 giant geckos (D:3)
  4 orcs (D:3)
  8 giant cockroaches
  15 goblins
  11 hobgoblins
  5 jackals
  2 quokkas
  2 ball pythons
  6 bats
  5 giant newts
  14 kobolds
  8 rats
95 creatures vanquished.

Notes
Turn   | Place    | Note
--------------------------------------------------------------
     0 | D:1      | Poliii the Minotaur Fighter began the quest for the Orb.
     0 | D:1      | Reached XP level 1. HP: 19/19 MP: 0/0
   242 | D:1      | Reached XP level 2. HP: 22/27 MP: 1/1
   689 | D:1      | Reached XP level 3. HP: 32/33 MP: 2/2
  1129 | D:2      | Reached skill level 1 in Dodging
  1308 | D:2      | Reached XP level 4. HP: 40/40 MP: 3/3
  1976 | D:3      | Reached XP level 5. HP: 19/47 MP: 4/4
  2261 | D:3      | Found a blossoming altar of Fedhas.
  2333 | D:3      | Found a faded altar to an unknown god.
  2525 | D:4      | Noticed Robin
  2535 | D:4      | Reached skill level 5 in Armour
  2538 | D:4      | Killed Robin
  2588 | D:4      | Noticed Eustachio
  2648 | D:4      | Killed Eustachio
  2648 | D:4      | Reached skill level 5 in Shields
  2648 | D:4      | Reached XP level 6. HP: 38/53 MP: 5/5
  2725 | D:4      | Noticed a slave
  2726 | D:4      | Noticed a slave
  2727 | D:4      | Noticed a slave
  2729 | D:4      | Noticed a slave
  2730 | D:4      | Noticed Pikel
  2735 | D:4      | HP: 1/55 [Pikel/whip of flaming (2)]
  2737 | D:4      | Mangled by an ogre

Skill      XL: |  1  2  3  4  5 |
---------------+----------------+-----
Shields        | 4 5 |  5.1
Fighting       | 4 |  4.8
Armour         | 4 5 |  5.4
Dodging        | 1 2 |  2.9
Long Blades    | 3 |  3.9
Stealth        | |  0.3

Action                   |  1- 3 |  4- 6 || total
-------------------------+-------+-------++-------
Melee: Long sword        |   107 |    49 ||   156
       Headbutt          |    16 |    22 ||    38
       Falchion          |       |    98 ||    98
  Use: Scroll            |     1 |       ||     1
       Potion            |       |     1 ||     1
  Eat: Chunk             |     1 |     5 ||     6
Armor: Scale mail        |    50 |    48 ||    98
Dodge: Dodged            |    35 |    46 ||    81
Block: Shield            |    60 |   105 ||   165
